 Dungeon Crawl Stone Soup version 0.28-a0-1339-ga5422284a4 (webtiles) character file.

Game seed: 7378886696982732321

52 rogsnak the Gusty (level 3, -1/24 HPs)
             Began as a Demonspawn Air Elementalist on Dec 28, 2021.
             Killed by divine providence
             ... invoked by an orc priest
              (13 damage)
             ... on level 2 of the Dungeon.
             The game lasted 00:02:33 (1112 turns).

rogsnak the Gusty (Demonspawn Air Elementalist)     Turns: 1112, Time: 00:02:34

Health: -1/24      AC:  3    Str:  8    XL:     3   Next: 60%
Magic:  1/6        EV: 12    Int: 18    God:
Gold:   18         SH:  0    Dex: 13    Spells: 6/7 levels left

rFire   . . .      SeeInvis .   c - +0 spear
rCold   . . .      Faith    .   (no shield)
rNeg    . . .      Spirit   .   a - +0 robe
rPois   .          Reflect  .   (no helmet)
rElec   .          Harm     .   (no cloak)
rCorr   .          Rampage  .   d - +0 pair of gloves
Will    .....                   (no boots)
Stlth   ++........              (no amulet)
HPRegen 0.08/turn               (no ring)
MPRegen 0.10/turn               (no ring)

@: no status effects
A: spiny 1
a: no special abilities


You were on level 2 of the Dungeon.
You visited 1 branch of the dungeon, and saw 2 of its levels.

You collected 18 gold pieces.

Inventory:

Hand Weapons
 b - a +0 short sword
 c - a +0 spear (weapon)
Armour
 a - a +0 robe (worn)
 d - a +0 pair of gloves (worn)
Scrolls
 f - a scroll of teleportation {unknown}
 g - a scroll of magic mapping {unknown}
Potions
 e - 3 potions of flight {unknown}


   Skills:
 + Level 0.2 Fighting
 + Level 1.9 Dodging
 - Level 1.7 Stealth
 + Level 2.6 Spellcasting
 * Level 1.7 Conjurations
 + Level 3.4 Air Magic


You had 6 spell levels left.
You knew the following spells:

 Your Spells              Type           Power      Damage    Failure   Level
a - Shock                 Conj/Air       44%        1d5       6%          1

Your spell library contained the following spells:

 Spells                   Type           Power      Damage    Failure   Level
 Static Discharge         Conj/Air       11%        N/A       9%          2
 Swiftness                Air            14%        N/A       13%         3
 Airstrike                Air            7%         N/A       38%         4


Dungeon Overview and Level Annotations

Branches:
Dungeon (2/15)

Altars:


Innate Abilities, Weirdness & Mutations

You are partially covered in sharp spines.


Message History

Unknown command.
Unknown command.
Casting: Shock (safe; 6% risk of failure)
Confirm with . or Enter, or press ? or * to list all spells.
You don't have enough magic to cast this spell.
Unknown command.
An orc comes into view. It is wielding a +0 mace.
You reach to attack!
You barely miss the orc.
The orc is heavily wounded.
The orc priest looks satisfied for a moment.
The orc shouts!
You hit the orc.
The orc is severely wounded.
You hit the orc.
You kill the orc!
The orc priest hits you with a +0 club.
You hit the orc priest.
The orc priest is lightly wounded.
The orc priest is struck by your spines.
The orc priest hits you with a +0 club. The orc is struck by your spines.
The orc hits you with a +0 mace.
You hit the orc priest but do no damage.
The orc priest is moderately wounded.
The orc priest hits you with a +0 club. The orc is struck by your spines.
The orc completely misses you.
You are too injured to fight recklessly!
You are too injured to fight recklessly!
You are too injured to fight recklessly!
You are too injured to fight recklessly!
Unknown command.
You barely miss the orc priest.
The orc priest is lightly wounded.
The orc priest looks satisfied for a moment.
The orc is struck by your spines.
You kill the orc!
The orc priest misses you.
The orc priest calls down the wrath of Beogh upon you.
Beogh smites you!
Ouch! That really hurt!
You die...

#.##P♣_P♣P# #.......P.#
# #.#...PP... #.##
#.######### #.
....####.# #. .....##.#
#.
########....###########.
#......o.........†...##.
..≈.).≈@).##########.##.
......)...# #.##.
..........# #....
..........# ####.
..≈...≈..## ..######.
#......... ..>......
########.# ..####### .#


You could see an orc priest.

Vanquished Creatures
  A worm (D:2)
  4 dart slugs (D:1)
  4 orcs (D:2)
  4 endoplasms (D:1)
  A giant cockroach (D:1)
  2 goblins
  2 hobgoblins
  A quokka (D:2)
  4 ball pythons (D:1)
  A bat (D:1)
  3 frilled lizards
  6 kobolds (D:1)
  3 rats
36 creatures vanquished.

Notes
Turn   | Place    | Note
-------+----------+-------------------------------------------
     0 | D:1      | rogsnak the Demonspawn Air Elementalist began the quest for
                  | the Orb.
     0 | D:1      | Reached XP level 1. HP: 13/13 MP: 3/3
   258 | D:1      | Gained mutation: You are partially covered in sharp spines.
                  | [demonic ancestry]
   258 | D:1      | Reached XP level 2. HP: 19/19 MP: 1/5
   341 | D:1      | Reached skill level 3 in Air Magic
   607 | D:1      | Reached XP level 3. HP: 17/24 MP: 2/6
   873 | D:2      | Found a faded altar of an unknown god.
  1112 | D:2      | Killed from afar by an orc priest

Illustrated notes

Levels and vault maps discovered:
D:1:      dpeg_arrival_windows_large_door, layout_rooms
D:2:      cheibrodos_pilgrimage, layout_loops_ring,
          ebering_ecumenical_altar_petrified

Skill      XL: |  1  2 |
---------------+-------+-----
Air Magic      | 3 |  3.4
Fighting       | |  0.2
Dodging        | |  1.9
Stealth        | |  1.7
Spellcasting   | |  2.6
Conjurations   | |  1.7

Action                   || total
-------------------------++-------
Melee: Spear             ||    39
       Unarmed           ||     2
 Cast: Shock             ||    50
 Stab: Sleeping          ||     1
Armor: Robe              ||     4
Dodge: Dodged            ||    16

Table legend: (Time is in decaauts)
 A = Elapsed time spent in this place.
 B = Non-inter-level travel time spent in this place.
 C = Inter-level travel time spent in this place.
 D = Time resting spent in this place.
 E = Time spent auto-exploring this place.
 F = Levels seen in this place.
 G = Mean time per level.
                   A        B        C        D        E       F      G
               +--------+--------+--------+--------+--------+-----+--------+
         Total |   1114 |   1100 |     14 |    216 |    671 |   2 |  557.0 |
       Dungeon |   1114 |   1100 |     14 |    216 |    671 |   2 |  557.0 |
               +--------+--------+--------+--------+--------+-----+--------+

Top non-repeatable levels by time:
     D:1: 870 daAuts
     D:2: 244 daAuts
